Sharks vs Predators

Created - Sunday, February 07, 2016 at 02:53

Goals
1 2 3 T
Sharks 1 0 2 3
Predators 0 3 2 5
Shots
1 2 3 T
Sharks 10 13 10 33
Predators 7 14 7 28

1st period

1. Sharks , Nicolas Deslauriers 3 (Luca Sbisa, Chris Tierney) at 3:35

Penalties :
Luca Sbisa (SJ ) for Diving (Minor) at 4:56, Evander Kane (Nsh) for Hooking (Minor) at 14:14, Evander Kane (Nsh) for Tripping (Minor) at 17:49

2nd period

2. Predators , Andrew Cogliano 7 (Valtteri Filppula, Nick Schultz) at 0:10
3. Predators , Nick Schultz 3 (Andrew Cogliano, Roman Josi) at 1:55 (SH)
4. Predators , Daniel Sedin 20 (Matt Niskanen, Tomas Plekanec) at 6:57

Penalties :
Patrice Bergeron (Nsh) for Interference (Minor) at 1:10, Danny DeKeyser (Nsh) for Tripping (Minor) at 3:42, Nicolas Deslauriers (SJ ) for Hooking (Minor) at 7:28, Jayson Megna (SJ ) for Roughing (Minor) at 11:50, Evander Kane (Nsh) for Holding (Minor) at 19:38

3rd period

5. Sharks , Tomas Fleischmann 9 (Olli Jokinen, Ian Cole) at 1:01 (PP)
6. Predators , Tomas Plekanec 17 (Matt Niskanen, Daniel Sedin) at 17:05
7. Predators , Andrew Cogliano 8 (Zemgus Girgensons) at 17:23
8. Sharks , Tomas Fleischmann 10 (Nicolas Deslauriers) at 18:12 (PP)

Penalties :
Matt Niskanen (Nsh) for Slashing (Minor) at 1:17, Trevor Daley (Nsh) for Elbowing (Minor) at 4:39, Cal Clutterbuck (Nsh) for Roughing (Minor) at 10:43, Evander Kane (Nsh) for Hooking (Minor) at 18:01

Goalie Stats

Calvin Pickard (SJ ), 23 saves from 28 shots - (0.821), L, 3-2-0, 60:00 minutes
Roberto Luongo (Nsh), 30 saves from 33 shots - (0.909), W, 25-13-2, 60:00 minutes

Players Stats for Sharks

Player Name              G  A  P  +/- PIM S  H  SB GA TA FO     MP     PP MP  PK MP  
------------------------------------------------------------------------------------
Andy Andreoff            0  0  0   0  0   1  0  0  1  0  0/0    10:42   0:00   0:00 
Brendan Smith            0  0  0   0  0   0  0  1  0  0  0/0    12:29   0:00   0:40 
Brian Gionta             0  0  0  -1  0   5  1  3  2  0  1/3    24:38   8:32   3:24 
Chris Tierney            0  1  1  -2  0   1  0  0  0  0  3/11   10:30   0:00   0:00 
Ian Cole                 0  1  1  -3  0   2  3  1  0  3  0/0    24:51  10:08   0:00 
Jay Harrison             0  0  0   0  0   1  2  0  0  1  0/0    15:24   0:00   3:21 
Jayson Megna             0  0  0   0  2   2  1  0  0  0  0/5     9:26   0:22   0:00 
Justin Schultz           0  0  0  -3  0   3  2  3  5  2  0/0    29:18  10:08   3:21 
Klas Dahlbeck            0  0  0  -1  0   0  1  3  1  0  0/0    19:45   5:19   2:36 
Lance Bouma              0  0  0  -1  0   1  2  1  3  1  0/1    18:31   8:54   1:21 
Luca Sbisa               0  1  1  -1  2   2  1  3  0  3  0/0    19:04   5:19   1:56 
Michael Latta            0  0  0   0  0   0  2  0  1  0  3/5    11:31   0:00   1:12 
Nicolas Deslauriers      1  1  2  -3  2   3  6  0  0  1  0/0    20:08   6:33   0:01 
Olli Jokinen             0  1  1  -1  0   4  1  0  0  0  3/5    17:43   6:33   1:21 
Richard Panik            0  0  0   0  0   0  0  0  0  0  0/0     1:59   0:00   0:18 
Ryan Hamilton            0  0  0   0  0   1  3  0  0  0  0/0     6:45   0:00   0:00 
Tomas Fleischmann        2  0  2  -3  0   5  1  0  4  0  0/0    18:43   6:33   0:00 
Travis Zajac             0  0  0  -1  0   2  0  5  5  2  15/23  22:33   8:54   4:17 

Players Stats for Predators

Player Name              G  A  P  +/- PIM S  H  SB GA TA FO     MP     PP MP  PK MP  
------------------------------------------------------------------------------------
Andrew Cogliano          2  1  3   3  0   6  0  1  2  1  0/1    20:09   0:00   5:14 
Cal Clutterbuck          0  0  0   1  2   1  1  1  0  1  0/1    12:45   0:00   4:55 
Dan Boyle                0  0  0   1  0   1  1  0  0  0  0/0    13:00   0:00   0:00 
Daniel Sedin             1  1  2   2  0   5  0  0  3  0  0/1    14:26   3:11   0:00 
Danny DeKeyser           0  0  0   2  2   1  1  1  0  0  0/0    15:27   2:26   2:33 
Eric Fehr                0  0  0   0  0   0  0  0  0  0  0/1     9:53   0:00   9:43 
Evander Kane             0  0  0  -1  8   1  8  0  1  0  1/1    14:16   2:46   0:00 
Marcus Kruger            0  0  0   0  0   1  0  2  2  0  7/18   16:18   0:00   9:43 
Matt Niskanen            0  2  2   1  2   2  0  2  0  2  0/0    23:01   2:26   7:13 
Nick Schultz             1  1  2   2  0   2  1  2  0  1  0/0    18:41   0:00   6:45 
Nikolay Kulemin          0  0  0   2  0   0  1  0  0  0  0/0    10:58   0:00   0:00 
Patrice Bergeron         0  0  0  -1  2   2  0  0  0  0  2/9    14:42   2:46   0:00 
Roman Josi               0  1  1   0  0   2  1  2  1  4  0/0    26:11   3:31   8:42 
Tomas Hertl              0  0  0  -1  0   0  1  0  0  0  0/0    12:22   0:00   0:30 
Tomas Plekanec           1  1  2   2  0   1  0  0  2  1  9/11   15:28   3:11   0:49 
Trevor Daley             0  0  0   2  2   1  0  3  1  3  0/0    24:17   3:31   5:41 
Valtteri Filppula        0  1  1   2  0   2  0  0  2  0  7/8    11:24   3:11   0:00 
Zemgus Girgensons        0  1  1   2  0   0  0  0  2  1  2/2    11:06   2:46   0:00 

3 Stars

1 - Andrew Cogliano (Nsh)
2 - Nick Schultz (Nsh)
3 - Tomas Plekanec (Nsh)

Power Play

Sharks - 2 on 9 Attempt(s) - 22.22%
Predators - 0 on 3 Attempt(s) - 0.00%

Penalty Kill

Sharks - 3 on 3 Attempt(s) - 100.00% - Score 0 goal in Penalty Kill
Predators - 7 on 9 Attempt(s) - 77.78% - Score 1 goal in Penalty Kill

Team Stat

Sharks - Hits : 26 - Faceoff Wins : 25 - Blocked Shots : 20 - Penalty Minutes : 6
Predators - Hits : 15 - Faceoff Wins : 28 - Blocked Shots : 14 - Penalty Minutes : 18

Official

Referees : Unknown
Linesman : Unknown

Game Notes

No Game Note

Finance

Level 1 -- Attendance: 4933 (82.22%) -- Ticket Income $424,238
Level 2 -- Attendance: 4699 (93.98%) -- Ticket Income $249,047
Level 3 -- Attendance: 1842 (92.10%) -- Ticket Income $57,102
Level 4 -- Attendance: 4000 (100.00%) -- Ticket Income $72,000
Luxury Box -- Attendance: 852 (85.20%) -- Ticket Income $152,508
Game was played at the Gaylord Entertainment Center.
Total Attendance: 16326 (90.70%)
Total Ticket Income: $954,895
Other Income: $467,899
Total Income: $1,422,794

Sharks

5 vs 5 Forward 
   Center                   Left Wing                Right Wing               Time % Phy DF OF 
 1 Travis Zajac             Lance Bouma              Brian Gionta             35     1   2  2  
 2 Chris Tierney            Tomas Fleischmann        Nicolas Deslauriers      30     1   2  2  
 3 Jayson Megna             Ryan Hamilton            Brian Gionta             22     1   2  2  
 4 Michael Latta            Andy Andreoff            Olli Jokinen             13     1   2  2  

5 vs 5 Defense 
   Defense                  Defense                                           Time % Phy DF OF 
 1 Ian Cole                 Justin Schultz                                    35     1   2  2  
 2 Luca Sbisa               Klas Dahlbeck                                     30     1   2  2  
 3 Jay Harrison             Brendan Smith                                     22     1   2  2  
 4 Ian Cole                 Justin Schultz                                    13     1   2  2  

PowerPlay Forward 
   Center                   Left Wing                Right Wing               Time % Phy DF OF 
 1 Travis Zajac             Lance Bouma              Brian Gionta             60     1   2  2  
 2 Olli Jokinen             Tomas Fleischmann        Nicolas Deslauriers      40     1   2  2  

PowerPlay Defense
   Defense                  Defense                                           Time % Phy DF OF 
 1 Ian Cole                 Justin Schultz                                    60     1   2  2  
 2 Luca Sbisa               Klas Dahlbeck                                     40     1   2  2  

Penalty Kill 4 Players Forward 
   Center                   Wing                     Time % Phy DF OF 
 1 Brian Gionta             Travis Zajac             60     1   2  2  
 2 Lance Bouma              Olli Jokinen             40     1   2  2  

Penalty Kill 4 Players Defense
   Defense                  Defense                  Time % Phy DF OF 
 1 Jay Harrison             Justin Schultz           60     1   2  2  
 2 Luca Sbisa               Klas Dahlbeck            40     1   2  2  

Penalty Kill - 3 Players Forward 
   Forward                                           Time % Phy DF OF 
 1 Brian Gionta                                      60     1   2  2  
 2 Travis Zajac                                      40     1   2  2  

Penalty Kill - 3 Players Defense
   Defense                  Defense                  Time % Phy DF OF 
 1 Jay Harrison             Brendan Smith            60     1   2  2  
 2 Luca Sbisa               Klas Dahlbeck            40     1   2  2  

4 vs 4 Forward 
   Center                   Wing                     Time % Phy DF OF 
 1 Brian Gionta             Travis Zajac             60     1   2  2  
 2 Lance Bouma              Olli Jokinen             40     1   2  2  

4 vs 4 Defense
   Defense                  Defense                  Time % Phy DF OF 
 1 Ian Cole                 Justin Schultz           60     1   2  2  
 2 Luca Sbisa               Klas Dahlbeck            40     1   2  2  

Last Minutes Offensive
   Center                   Left Wing                Right Wing               Defense                  Defense                  
   Travis Zajac             Lance Bouma              Brian Gionta             Brendan Smith            Justin Schultz           

Last Minutes Defensive
   Center                   Left Wing                Right Wing               Defense                  Defense                  
   Travis Zajac             Lance Bouma              Brian Gionta             Brendan Smith            Justin Schultz           

Goaltenders
Starting : Calvin Pickard           
Backup : Kari Lehtonen            

Extra Forwards
Normal : Andy Andreoff, Jayson Megna, Michael Latta - PP : Travis Zajac, Jayson Megna - PK : Michael Latta
Extra Defensemen
Normal : Jay Harrison, Brendan Smith, Ian Cole - PP : Jay Harrison - PK : Brendan Smith, Ian Cole
Penalty Shots
Brian Gionta, Travis Zajac, Lance Bouma, Olli Jokinen, Tomas Fleischmann

Predators

5 vs 5 Forward 
   Center                   Left Wing                Right Wing               Time % Phy DF OF 
 1 Tomas Plekanec           Daniel Sedin             Nikolay Kulemin          28     0   1  4  
 2 Valtteri Filppula        Andrew Cogliano          Zemgus Girgensons        28     1   1  3  
 3 Patrice Bergeron         Evander Kane             Tomas Hertl              28     1   2  2  
 4 Marcus Kruger            Andrew Cogliano          Cal Clutterbuck          16     1   3  1  

5 vs 5 Defense 
   Defense                  Defense                                           Time % Phy DF OF 
 1 Roman Josi               Nick Schultz                                      30     0   4  1  
 2 Danny DeKeyser           Matt Niskanen                                     30     0   4  1  
 3 Trevor Daley             Dan Boyle                                         25     0   4  1  
 4 Roman Josi               Matt Niskanen                                     15     0   4  1  

PowerPlay Forward 
   Center                   Left Wing                Right Wing               Time % Phy DF OF 
 1 Tomas Plekanec           Daniel Sedin             Valtteri Filppula        55     0   0  5  
 2 Patrice Bergeron         Evander Kane             Zemgus Girgensons        45     1   0  4  

PowerPlay Defense
   Defense                  Defense                                           Time % Phy DF OF 
 1 Roman Josi               Trevor Daley                                      60     0   1  4  
 2 Matt Niskanen            Danny DeKeyser                                    40     0   1  4  

Penalty Kill 4 Players Forward 
   Center                   Wing                     Time % Phy DF OF 
 1 Marcus Kruger            Eric Fehr                55     0   4  1  
 2 Andrew Cogliano          Cal Clutterbuck          45     0   4  1  

Penalty Kill 4 Players Defense
   Defense                  Defense                  Time % Phy DF OF 
 1 Roman Josi               Matt Niskanen            50     0   4  1  
 2 Nick Schultz             Trevor Daley             50     0   4  1  

Penalty Kill - 3 Players Forward 
   Forward                                           Time % Phy DF OF 
 1 Marcus Kruger                                     50     0   5  0  
 2 Eric Fehr                                         50     0   5  0  

Penalty Kill - 3 Players Defense
   Defense                  Defense                  Time % Phy DF OF 
 1 Roman Josi               Matt Niskanen            50     0   5  0  
 2 Nick Schultz             Trevor Daley             50     0   5  0  

4 vs 4 Forward 
   Center                   Wing                     Time % Phy DF OF 
 1 Tomas Plekanec           Daniel Sedin             50     0   2  3  
 2 Patrice Bergeron         Valtteri Filppula        50     0   2  3  

4 vs 4 Defense
   Defense                  Defense                  Time % Phy DF OF 
 1 Roman Josi               Matt Niskanen            55     0   3  2  
 2 Danny DeKeyser           Trevor Daley             45     0   4  1  

Last Minutes Offensive
   Center                   Left Wing                Right Wing               Defense                  Defense                  
   Tomas Plekanec           Daniel Sedin             Valtteri Filppula        Roman Josi               Matt Niskanen            

Last Minutes Defensive
   Center                   Left Wing                Right Wing               Defense                  Defense                  
   Patrice Bergeron         Zemgus Girgensons        Andrew Cogliano          Roman Josi               Matt Niskanen            

Goaltenders
Starting : Roberto Luongo           
Backup : Jimmy Howard             

Extra Forwards
Normal : Patrice Bergeron, Valtteri Filppula, Daniel Sedin - PP : Tomas Hertl, Eric Fehr - PK : Tomas Plekanec
Extra Defensemen
Normal : Roman Josi, Matt Niskanen, Trevor Daley - PP : Dan Boyle - PK : Danny DeKeyser, Nick Schultz
Penalty Shots
Patrice Bergeron, Zemgus Girgensons, Eric Fehr, Roman Josi, Valtteri Filppula

% Time on Ice - Sharks

Lines # - Real PCT - Wanted PCT - Time Play
Normal Forward
1 - 28% - 35% - 10:44
2 - 32% - 30% - 12:10
3 - 17% - 22% - 6:45
4 - 23% - 13% - 8:57
Normal Defense
1 - 34% - 35% - 13:13
2 - 31% - 30% - 11:50
3 - 28% - 22% - 10:57
4 - 7% - 13% - 2:36
PP Forward
1 - 58% - 60% - 8:54
2 - 42% - 40% - 6:33
PP Defense
1 - 66% - 60% - 10:08
2 - 34% - 40% - 5:19
PK Forward
1 - 77% - 60% - 4:36
2 - 23% - 40% - 1:21
PK Defense
1 - 56% - 60% - 3:21
2 - 44% - 40% - 2:36
PK3 Forward
1 - 0% - 60%
2 - 0% - 40%
PK3 Defense
1 - 0% - 60%
2 - 0% - 40%
44 Forward
1 - 0% - 60%
2 - 0% - 40%
44 Defense
1 - 0% - 60%
2 - 0% - 40%
Last Minute Offensive  - 0:00
Last Minute Defensive  - 0:00
Total
Forward - 60:00
Defense - 60:00

% Time on Ice - Predators

Lines # - Real PCT - Wanted PCT - Time Play
Normal Forward
1 - 30% - 28% - 11:25
2 - 25% - 28% - 9:46
3 - 28% - 28% - 11:00
4 - 17% - 16% - 6:25
Normal Defense
1 - 28% - 30% - 10:52
2 - 30% - 30% - 11:38
3 - 34% - 25% - 13:00
4 - 8% - 15% - 3:06
PP Forward
1 - 54% - 55% - 3:11
2 - 46% - 45% - 2:46
PP Defense
1 - 59% - 60% - 3:31
2 - 41% - 40% - 2:26
PK Forward
1 - 63% - 55% - 9:43
2 - 37% - 45% - 5:44
PK Defense
1 - 56% - 50% - 8:42
2 - 44% - 50% - 6:45
PK3 Forward
1 - 0% - 50%
2 - 0% - 50%
PK3 Defense
1 - 0% - 50%
2 - 0% - 50%
44 Forward
1 - 0% - 50%
2 - 0% - 50%
44 Defense
1 - 0% - 55%
2 - 0% - 45%
Last Minute Offensive  - 0:00
Last Minute Defensive  - 0:00
Total
Forward - 60:00
Defense - 60:00

Play by Play

1st period


0:01 of 1st period - Travis Zajac wins face-off versus Tomas Plekanec in neutral zone.
1:52 of 1st period - Slapshot by Patrice Bergeron.
1:52 of 1st period - Shot Misses the Net.
1:54 of 1st period - Snap shot by Evander Kane.
1:54 of 1st period - Deflect By Patrice Bergeron.
1:54 of 1st period - Shot Misses the Net.
1:54 of 1st period - Puck is out of play.
1:55 of 1st period - Marcus Kruger wins face-off versus Jayson Megna in Sharks zone.
2:00 of 1st period - Wrist shot by Andrew Cogliano.
2:00 of 1st period - Shot Misses the Net.
2:26 of 1st period - Snap shot by Ryan Hamilton.
2:26 of 1st period - Stopped by Roberto Luongo with a rebound.
2:28 of 1st period - Slapshot by Ryan Hamilton.
2:28 of 1st period - Shot Misses the Net.
3:21 of 1st period - Wrist shot by Tomas Fleischmann.
3:21 of 1st period - Shot Misses the Net.
3:31 of 1st period - Wrist shot by Chris Tierney.
3:31 of 1st period - Shot Misses the Net.
3:33 of 1st period - Slapshot by Luca Sbisa.
3:33 of 1st period - Shot Blocked by Roman Josi.
3:35 of 1st period - Snap shot by Nicolas Deslauriers.
3:35 of 1st period - Goal by Nicolas Deslauriers - Sharks : 1 - Predators : 0.
3:36 of 1st period - Tomas Plekanec wins face-off versus Travis Zajac in neutral zone.
4:05 of 1st period - Snap shot by Daniel Sedin.
4:05 of 1st period - Stopped by Calvin Pickard with a rebound.
4:13 of 1st period - Snap shot by Daniel Sedin.
4:13 of 1st period - Stopped by Calvin Pickard with a rebound.
4:56 of 1st period - Minor Penalty to Luca Sbisa for Diving.
4:57 of 1st period - Travis Zajac wins face-off versus Daniel Sedin in Sharks zone.
5:02 of 1st period - Snap shot by Travis Zajac.
5:02 of 1st period - Shot Hit the Post.
5:38 of 1st period - Slapshot by Patrice Bergeron.
5:38 of 1st period - Shot Blocked by Travis Zajac.
5:40 of 1st period - Wrist shot by Trevor Daley.
5:40 of 1st period - Shot Misses the Net.
5:42 of 1st period - Snap shot by Danny DeKeyser.
5:42 of 1st period - Shot Blocked by Travis Zajac.
6:46 of 1st period - Lance Bouma is hit by Evander Kane and loses puck.
6:56 of 1st period - Penalty to Luca Sbisa is over, Luca Sbisa is back on ice.
7:28 of 1st period - Snap shot by Marcus Kruger.
7:28 of 1st period - Shot Misses the Net.
7:30 of 1st period - Wrist shot by Trevor Daley.
7:30 of 1st period - Stopped by Calvin Pickard with a rebound.
7:32 of 1st period - Slapshot by Dan Boyle.
7:32 of 1st period - Stopped by Calvin Pickard with a rebound.
8:26 of 1st period - Zemgus Girgensons is hit by Jayson Megna and loses puck.
9:34 of 1st period - Wrist shot by Ryan Hamilton.
9:34 of 1st period - Shot Blocked by Danny DeKeyser.
9:36 of 1st period - Snap shot by Jayson Megna.
9:36 of 1st period - Stopped by Roberto Luongo with a rebound.
9:38 of 1st period - Snap shot by Justin Schultz.
9:38 of 1st period - Stopped by Roberto Luongo without a rebound.
9:39 of 1st period - Marcus Kruger wins face-off versus Jayson Megna in Predators zone.
9:39 of 1st period - Marcus Kruger is hit by Ryan Hamilton.
10:09 of 1st period - Slapshot by Tomas Hertl.
10:09 of 1st period - Deflect By Evander Kane.
10:09 of 1st period - Shot Misses the Net.
10:09 of 1st period - Puck is out of play.
10:10 of 1st period - Travis Zajac wins face-off versus Patrice Bergeron in Sharks zone.
10:15 of 1st period - Lance Bouma is hit by Evander Kane and loses puck.
10:24 of 1st period - Wrist shot by Travis Zajac.
10:24 of 1st period - Stopped by Roberto Luongo without a rebound.
10:25 of 1st period - Tomas Plekanec wins face-off versus Travis Zajac in Predators zone.
10:36 of 1st period - Travis Zajac is hit by Danny DeKeyser and loses puck.
11:03 of 1st period - Slapshot by Andrew Cogliano.
11:03 of 1st period - Stopped by Calvin Pickard with a rebound.
11:09 of 1st period - Nick Schultz is hit by Jay Harrison and loses puck.
11:20 of 1st period - Nick Schultz is hit by Luca Sbisa and loses puck.
11:54 of 1st period - Luca Sbisa is hit by Evander Kane and loses puck.
12:12 of 1st period - Justin Schultz is hit by Roman Josi.
12:59 of 1st period - Wrist shot by Valtteri Filppula.
12:59 of 1st period - Stopped by Calvin Pickard with a rebound.
13:01 of 1st period - Snap shot by Danny DeKeyser.
13:01 of 1st period - Stopped by Calvin Pickard without a rebound.
13:02 of 1st period - Valtteri Filppula wins face-off versus Jayson Megna in Sharks zone.
14:05 of 1st period - Wrist shot by Travis Zajac.
14:05 of 1st period - Stopped by Roberto Luongo without a rebound.
14:06 of 1st period - Travis Zajac wins face-off versus Patrice Bergeron in Predators zone.
14:14 of 1st period - Minor Penalty to Evander Kane for Hooking.
14:15 of 1st period - Marcus Kruger wins face-off versus Travis Zajac in Predators zone.
14:21 of 1st period - Roman Josi is hit by Lance Bouma and loses puck.
14:34 of 1st period - Slapshot by Brian Gionta.
14:34 of 1st period - Stopped by Roberto Luongo with a rebound.
14:36 of 1st period - Slapshot by Travis Zajac.
14:36 of 1st period - Shot Blocked by Marcus Kruger.
14:52 of 1st period - Roman Josi is hit by Justin Schultz and loses puck.
15:03 of 1st period - Trevor Daley is hit by Nicolas Deslauriers and loses puck.
15:28 of 1st period - Trevor Daley is hit by Brian Gionta and loses puck.
15:33 of 1st period - Wrist shot by Travis Zajac.
15:33 of 1st period - Shot Misses the Net.
15:47 of 1st period - Trevor Daley is hit by Tomas Fleischmann and loses puck.
16:00 of 1st period - Tomas Fleischmann is hit by Cal Clutterbuck.
16:14 of 1st period - Penalty to Evander Kane is over, Evander Kane is back on ice.
16:25 of 1st period - Off-side.
16:26 of 1st period - Michael Latta wins face-off versus Tomas Plekanec in neutral zone.
17:20 of 1st period - Wrist shot by Nicolas Deslauriers.
17:20 of 1st period - Shot Misses the Net.
17:30 of 1st period - Klas Dahlbeck is hit by Evander Kane and loses puck.
17:47 of 1st period - Snap shot by Ryan Hamilton.
17:47 of 1st period - Shot Misses the Net.
17:49 of 1st period - Minor Penalty to Evander Kane for Tripping.
17:50 of 1st period - Marcus Kruger wins face-off versus Travis Zajac in Predators zone.
17:53 of 1st period - Wrist shot by Brian Gionta.
17:53 of 1st period - Stopped by Roberto Luongo without a rebound.
17:54 of 1st period - Travis Zajac wins face-off versus Marcus Kruger in Predators zone.
18:07 of 1st period - Wrist shot by Travis Zajac.
18:07 of 1st period - Shot Misses the Net.
18:09 of 1st period - Slapshot by Ian Cole.
18:09 of 1st period - Stopped by Roberto Luongo with a rebound.
18:11 of 1st period - Snap shot by Justin Schultz.
18:11 of 1st period - Shot Blocked by Nick Schultz.
18:13 of 1st period - Wrist shot by Lance Bouma.
18:13 of 1st period - Shot Blocked by Marcus Kruger.
18:31 of 1st period - Wrist shot by Olli Jokinen.
18:31 of 1st period - Shot Misses the Net.
18:33 of 1st period - Snap shot by Justin Schultz.
18:33 of 1st period - Shot Blocked by Nick Schultz.
18:35 of 1st period - Slapshot by Ian Cole.
18:35 of 1st period - Deflect By Tomas Fleischmann.
18:35 of 1st period - Stopped by Roberto Luongo with a rebound.
18:49 of 1st period - Trevor Daley is hit by Ian Cole.
18:55 of 1st period - Wrist shot by Marcus Kruger.
18:55 of 1st period - Shot Blocked by Travis Zajac.
19:37 of 1st period - Slapshot by Roman Josi.
19:37 of 1st period - Shot Blocked by Justin Schultz.
19:39 of 1st period - Snap shot by Roman Josi.
19:39 of 1st period - Shot Blocked by Travis Zajac.
19:41 of 1st period - Slapshot by Roman Josi.
19:41 of 1st period - Shot Blocked by Brian Gionta.
19:43 of 1st period - Slapshot by Trevor Daley.
19:43 of 1st period - Shot Blocked by Brian Gionta.
19:49 of 1st period - Penalty to Evander Kane is over, Evander Kane is back on ice.
Goals for this period are 1 for Sharks vs 0 for Predators.
Shots for this period are 10 for Sharks vs 7 for Predators.

2nd period


0:01 of 2nd period - Travis Zajac wins face-off versus Valtteri Filppula in neutral zone.
0:10 of 2nd period - Wrist shot by Andrew Cogliano.
0:10 of 2nd period - Goal by Andrew Cogliano - Sharks : 1 - Predators : 1.
0:11 of 2nd period - Valtteri Filppula wins face-off versus Travis Zajac in neutral zone.
0:23 of 2nd period - Wrist shot by Travis Zajac.
0:23 of 2nd period - Deflect By Brian Gionta.
0:23 of 2nd period - Shot Misses the Net.
0:23 of 2nd period - Puck is out of play.
0:24 of 2nd period - Zemgus Girgensons wins face-off versus Travis Zajac in Predators zone.
0:39 of 2nd period - Wrist shot by Andrew Cogliano.
0:39 of 2nd period - Shot Misses the Net.
0:41 of 2nd period - Snap shot by Andrew Cogliano.
0:41 of 2nd period - Shot Blocked by Lance Bouma.
0:43 of 2nd period - Slapshot by Nick Schultz.
0:43 of 2nd period - Shot Misses the Net.
0:45 of 2nd period - Backhand shot by Valtteri Filppula.
0:45 of 2nd period - Shot Misses the Net.
0:47 of 2nd period - Slapshot by Nick Schultz.
0:47 of 2nd period - Stopped by Calvin Pickard with a rebound.
0:49 of 2nd period - Snap shot by Andrew Cogliano.
0:49 of 2nd period - Shot Misses the Net.
0:51 of 2nd period - Snap shot by Roman Josi.
0:51 of 2nd period - Stopped by Calvin Pickard with a rebound.
1:10 of 2nd period - Minor Penalty to Patrice Bergeron for Interference.
1:11 of 2nd period - Marcus Kruger wins face-off versus Olli Jokinen in Predators zone.
1:51 of 2nd period - Slapshot by Roman Josi.
1:51 of 2nd period - Stopped by Calvin Pickard with a rebound.
1:53 of 2nd period - Snap shot by Andrew Cogliano.
1:53 of 2nd period - Shot Misses the Net.
1:55 of 2nd period - Slapshot by Nick Schultz.
1:55 of 2nd period - Goal by Nick Schultz - Sharks : 1 - Predators : 2.
1:56 of 2nd period - Travis Zajac wins face-off versus Marcus Kruger in neutral zone.
2:13 of 2nd period - Snap shot by Travis Zajac.
2:13 of 2nd period - Shot Blocked by Trevor Daley.
2:15 of 2nd period - Wrist shot by Lance Bouma.
2:15 of 2nd period - Stopped by Roberto Luongo with a rebound.
2:17 of 2nd period - Slapshot by Ian Cole.
2:17 of 2nd period - Stopped by Roberto Luongo without a rebound.
2:18 of 2nd period - Travis Zajac wins face-off versus Marcus Kruger in Predators zone.
2:19 of 2nd period - Wrist shot by Brian Gionta.
2:19 of 2nd period - Shot Misses the Net.
2:25 of 2nd period - Wrist shot by Justin Schultz.
2:25 of 2nd period - Stopped by Roberto Luongo without a rebound.
2:26 of 2nd period - Travis Zajac wins face-off versus Cal Clutterbuck in Predators zone.
3:03 of 2nd period - Wrist shot by Olli Jokinen.
3:03 of 2nd period - Stopped by Roberto Luongo without a rebound.
3:04 of 2nd period - Olli Jokinen wins face-off versus Andrew Cogliano in Predators zone.
3:10 of 2nd period - Penalty to Patrice Bergeron is over, Patrice Bergeron is back on ice.
3:25 of 2nd period - Wrist shot by Olli Jokinen.
3:25 of 2nd period - Shot Misses the Net.
3:33 of 2nd period - Snap shot by Olli Jokinen.
3:33 of 2nd period - Stopped by Roberto Luongo with a rebound.
3:35 of 2nd period - Slapshot by Klas Dahlbeck.
3:35 of 2nd period - Shot Misses the Net.
3:37 of 2nd period - Snap shot by Luca Sbisa.
3:37 of 2nd period - Shot Hit the Post.
3:39 of 2nd period - Slapshot by Luca Sbisa.
3:39 of 2nd period - Deflect By Olli Jokinen.
3:39 of 2nd period - Shot Blocked by Cal Clutterbuck.
3:39 of 2nd period - Puck is out of play.
3:40 of 2nd period - Tomas Plekanec wins face-off versus Jayson Megna in Predators zone.
3:42 of 2nd period - Minor Penalty to Danny DeKeyser for Tripping.
3:43 of 2nd period - Travis Zajac wins face-off versus Marcus Kruger in Predators zone.
4:37 of 2nd period - Eric Fehr is hit by Nicolas Deslauriers and loses puck.
4:44 of 2nd period - Slapshot by Tomas Fleischmann.
4:44 of 2nd period - Stopped by Roberto Luongo without a rebound.
4:45 of 2nd period - Olli Jokinen wins face-off versus Eric Fehr in Predators zone.
5:28 of 2nd period - Snap shot by Travis Zajac.
5:28 of 2nd period - Shot Misses the Net.
5:30 of 2nd period - Slapshot by Lance Bouma.
5:30 of 2nd period - Shot Misses the Net.
5:32 of 2nd period - Snap shot by Lance Bouma.
5:32 of 2nd period - Shot Misses the Net.
5:34 of 2nd period - Slapshot by Lance Bouma.
5:34 of 2nd period - Shot Misses the Net.
5:42 of 2nd period - Penalty to Danny DeKeyser is over, Danny DeKeyser is back on ice.
5:48 of 2nd period - Lance Bouma is hit by Evander Kane and loses puck.
6:00 of 2nd period - Lance Bouma is hit by Evander Kane and loses puck.
6:47 of 2nd period - Slapshot by Daniel Sedin.
6:47 of 2nd period - Stopped by Calvin Pickard without a rebound.
6:48 of 2nd period - Tomas Plekanec wins face-off versus Chris Tierney in Sharks zone.
6:53 of 2nd period - Snap shot by Daniel Sedin.
6:53 of 2nd period - Shot Misses the Net.
6:55 of 2nd period - Snap shot by Tomas Plekanec.
6:55 of 2nd period - Shot Blocked by Justin Schultz.
6:57 of 2nd period - Slapshot by Matt Niskanen.
6:57 of 2nd period - Deflect By Daniel Sedin.
6:57 of 2nd period - Goal by Daniel Sedin - Sharks : 1 - Predators : 3.
6:58 of 2nd period - Valtteri Filppula wins face-off versus Chris Tierney in neutral zone.
7:28 of 2nd period - Minor Penalty to Nicolas Deslauriers for Hooking.
7:29 of 2nd period - Tomas Plekanec wins face-off versus Brian Gionta in Sharks zone.
9:28 of 2nd period - Penalty to Nicolas Deslauriers is over, Nicolas Deslauriers is back on ice.
9:42 of 2nd period - Backhand shot by Marcus Kruger.
9:42 of 2nd period - Deflect By Andrew Cogliano.
9:42 of 2nd period - Stopped by Calvin Pickard with a rebound.
9:44 of 2nd period - Snap shot by Marcus Kruger.
9:44 of 2nd period - Deflect By Cal Clutterbuck.
9:44 of 2nd period - Stopped by Calvin Pickard with a rebound.
9:46 of 2nd period - Snap shot by Andrew Cogliano.
9:46 of 2nd period - Shot Blocked by Klas Dahlbeck.
9:48 of 2nd period - Wrist shot by Andrew Cogliano.
9:48 of 2nd period - Shot Misses the Net.
10:15 of 2nd period - Wrist shot by Nicolas Deslauriers.
10:15 of 2nd period - Stopped by Roberto Luongo with a rebound.
10:17 of 2nd period - Snap shot by Tomas Fleischmann.
10:17 of 2nd period - Shot Misses the Net.
10:49 of 2nd period - Trevor Daley is hit by Jay Harrison and loses puck.
11:13 of 2nd period - Jayson Megna is hit by Evander Kane and loses puck.
11:38 of 2nd period - Snap shot by Valtteri Filppula.
11:38 of 2nd period - Shot Misses the Net.
11:40 of 2nd period - Slapshot by Matt Niskanen.
11:40 of 2nd period - Stopped by Calvin Pickard with a rebound.
11:42 of 2nd period - Wrist shot by Andrew Cogliano.
11:42 of 2nd period - Stopped by Calvin Pickard with a rebound.
11:44 of 2nd period - Snap shot by Matt Niskanen.
11:44 of 2nd period - Deflect By Brian Gionta.
11:44 of 2nd period - Stopped by Calvin Pickard with a rebound.
11:50 of 2nd period - Minor Penalty to Jayson Megna for Roughing.
11:51 of 2nd period - Tomas Plekanec wins face-off versus Michael Latta in Sharks zone.
12:08 of 2nd period - Snap shot by Valtteri Filppula.
12:08 of 2nd period - Shot Blocked by Klas Dahlbeck.
12:42 of 2nd period - Roman Josi is hit by Lance Bouma and loses puck.
12:55 of 2nd period - Slapshot by Justin Schultz.
12:55 of 2nd period - Stopped by Roberto Luongo with a rebound.
12:57 of 2nd period - Wrist shot by Olli Jokinen.
12:57 of 2nd period - Stopped by Roberto Luongo with a rebound.
12:59 of 2nd period - Slapshot by Jay Harrison.
12:59 of 2nd period - Deflect By Olli Jokinen.
12:59 of 2nd period - Shot Blocked by Trevor Daley.
12:59 of 2nd period - Puck is out of play.
13:00 of 2nd period - Michael Latta wins face-off versus Patrice Bergeron in Predators zone.
13:08 of 2nd period - Off-side.
13:09 of 2nd period - Michael Latta wins face-off versus Patrice Bergeron in neutral zone.
13:12 of 2nd period - Wrist shot by Travis Zajac.
13:12 of 2nd period - Shot Misses the Net.
13:46 of 2nd period - Backhand shot by Brian Gionta.
13:46 of 2nd period - Stopped by Roberto Luongo without a rebound.
13:47 of 2nd period - Patrice Bergeron wins face-off versus Brian Gionta in Predators zone.
13:50 of 2nd period - Penalty to Jayson Megna is over, Jayson Megna is back on ice.
14:06 of 2nd period - Wrist shot by Patrice Bergeron.
14:06 of 2nd period - Shot Misses the Net.
14:20 of 2nd period - Wrist shot by Marcus Kruger.
14:20 of 2nd period - Shot Misses the Net.
14:22 of 2nd period - Slapshot by Danny DeKeyser.
14:22 of 2nd period - Shot Blocked by Travis Zajac.
14:24 of 2nd period - Slapshot by Matt Niskanen.
14:24 of 2nd period - Deflect By Andrew Cogliano.
14:24 of 2nd period - Stopped by Calvin Pickard with a rebound.
14:26 of 2nd period - Wrist shot by Cal Clutterbuck.
14:26 of 2nd period - Shot Blocked by Brian Gionta.
14:32 of 2nd period - Wrist shot by Marcus Kruger.
14:32 of 2nd period - Stopped by Calvin Pickard with a rebound.
15:26 of 2nd period - Wrist shot by Chris Tierney.
15:26 of 2nd period - Shot Misses the Net.
15:28 of 2nd period - Slapshot by Luca Sbisa.
15:28 of 2nd period - Stopped by Roberto Luongo with a rebound.
15:42 of 2nd period - Trevor Daley is hit by Michael Latta and loses puck.
16:02 of 2nd period - Off-side.
16:03 of 2nd period - Chris Tierney wins face-off versus Patrice Bergeron in neutral zone.
16:06 of 2nd period - Snap shot by Tomas Fleischmann.
16:06 of 2nd period - Stopped by Roberto Luongo without a rebound.
16:07 of 2nd period - Evander Kane wins face-off versus Chris Tierney in Predators zone.
17:06 of 2nd period - Snap shot by Andrew Cogliano.
17:06 of 2nd period - Shot Blocked by Klas Dahlbeck.
17:08 of 2nd period - Slapshot by Danny DeKeyser.
17:08 of 2nd period - Shot Blocked by Luca Sbisa.
17:36 of 2nd period - Snap shot by Tomas Fleischmann.
17:36 of 2nd period - Deflect By Matt Niskanen.
17:36 of 2nd period - Shot Misses the Net.
17:36 of 2nd period - Puck is out of play.
17:37 of 2nd period - Chris Tierney wins face-off versus Marcus Kruger in Predators zone.
17:40 of 2nd period - Snap shot by Chris Tierney.
17:40 of 2nd period - Shot Blocked by Trevor Daley.
17:42 of 2nd period - Slapshot by Jay Harrison.
17:42 of 2nd period - Shot Misses the Net.
17:44 of 2nd period - Snap shot by Nicolas Deslauriers.
17:44 of 2nd period - Deflect By Chris Tierney.
17:44 of 2nd period - Stopped by Roberto Luongo without a rebound.
17:45 of 2nd period - Patrice Bergeron wins face-off versus Chris Tierney in Predators zone.
18:04 of 2nd period - Evander Kane is hit by Nicolas Deslauriers and loses puck.
18:33 of 2nd period - Tomas Plekanec is hit by Ryan Hamilton and loses puck.
19:38 of 2nd period - Minor Penalty to Evander Kane for Holding.
19:39 of 2nd period - Olli Jokinen wins face-off versus Marcus Kruger in Predators zone.
Goals for this period are 0 for Sharks vs 3 for Predators.
Shots for this period are 13 for Sharks vs 14 for Predators.

3rd period


0:01 of 3rd period - Travis Zajac wins face-off versus Marcus Kruger in neutral zone.
0:52 of 3rd period - Cal Clutterbuck is hit by Justin Schultz and loses puck.
0:59 of 3rd period - Snap shot by Olli Jokinen.
0:59 of 3rd period - Shot Blocked by Andrew Cogliano.
1:01 of 3rd period - Slapshot by Tomas Fleischmann.
1:01 of 3rd period - Goal by Tomas Fleischmann - Sharks : 2 - Predators : 3.
1:02 of 3rd period - Valtteri Filppula wins face-off versus Chris Tierney in neutral zone.
1:17 of 3rd period - Minor Penalty to Matt Niskanen for Slashing.
1:18 of 3rd period - Travis Zajac wins face-off versus Marcus Kruger in Predators zone.
2:10 of 3rd period - Cal Clutterbuck is hit by Ian Cole and loses puck.
2:27 of 3rd period - Nick Schultz is hit by Nicolas Deslauriers.
3:00 of 3rd period - Andrew Cogliano is hit by Ian Cole and loses puck.
3:17 of 3rd period - Penalty to Matt Niskanen is over, Matt Niskanen is back on ice.
3:23 of 3rd period - Slapshot by Olli Jokinen.
3:23 of 3rd period - Shot Misses the Net.
3:48 of 3rd period - Wrist shot by Jayson Megna.
3:48 of 3rd period - Stopped by Roberto Luongo with a rebound.
3:58 of 3rd period - Wrist shot by Andy Andreoff.
3:58 of 3rd period - Stopped by Roberto Luongo with a rebound.
4:00 of 3rd period - Slapshot by Jay Harrison.
4:00 of 3rd period - Stopped by Roberto Luongo without a rebound.
4:01 of 3rd period - Tomas Plekanec wins face-off versus Michael Latta in Predators zone.
4:12 of 3rd period - Snap shot by Olli Jokinen.
4:12 of 3rd period - Stopped by Roberto Luongo without a rebound.
4:13 of 3rd period - Tomas Plekanec wins face-off versus Chris Tierney in Predators zone.
4:25 of 3rd period - Wrist shot by Daniel Sedin.
4:25 of 3rd period - Stopped by Calvin Pickard with a rebound.
4:39 of 3rd period - Minor Penalty to Trevor Daley for Elbowing.
4:40 of 3rd period - Travis Zajac wins face-off versus Marcus Kruger in Predators zone.
6:39 of 3rd period - Penalty to Trevor Daley is over, Trevor Daley is back on ice.
7:00 of 3rd period - Danny DeKeyser is hit by Olli Jokinen.
7:10 of 3rd period - Nikolay Kulemin is hit by Klas Dahlbeck and loses puck.
7:44 of 3rd period - Ian Cole is hit by Nikolay Kulemin and loses puck.
8:15 of 3rd period - Snap shot by Evander Kane.
8:15 of 3rd period - Shot Misses the Net.
8:17 of 3rd period - Slapshot by Matt Niskanen.
8:17 of 3rd period - Shot Blocked by Ian Cole.
8:57 of 3rd period - Andrew Cogliano is hit by Nicolas Deslauriers and loses puck.
9:57 of 3rd period - Klas Dahlbeck is hit by Nick Schultz and loses puck.
10:14 of 3rd period - Marcus Kruger is hit by Michael Latta and loses puck.
10:43 of 3rd period - Minor Penalty to Cal Clutterbuck for Roughing.
10:44 of 3rd period - Brian Gionta wins face-off versus Marcus Kruger in Predators zone.
10:58 of 3rd period - Off-side.
10:59 of 3rd period - Travis Zajac wins face-off versus Marcus Kruger in neutral zone.
11:24 of 3rd period - Snap shot by Tomas Fleischmann.
11:24 of 3rd period - Shot Misses the Net.
11:36 of 3rd period - Slapshot by Travis Zajac.
11:36 of 3rd period - Shot Blocked by Matt Niskanen.
11:38 of 3rd period - Slapshot by Klas Dahlbeck.
11:38 of 3rd period - Shot Blocked by Matt Niskanen.
11:40 of 3rd period - Slapshot by Luca Sbisa.
11:40 of 3rd period - Deflect By Brian Gionta.
11:40 of 3rd period - Stopped by Roberto Luongo with a rebound.
11:42 of 3rd period - Slapshot by Luca Sbisa.
11:42 of 3rd period - Stopped by Roberto Luongo with a rebound.
11:44 of 3rd period - Slapshot by Luca Sbisa.
11:44 of 3rd period - Shot Misses the Net.
12:02 of 3rd period - Roman Josi is hit by Nicolas Deslauriers and loses puck.
12:43 of 3rd period - Penalty to Cal Clutterbuck is over, Cal Clutterbuck is back on ice.
12:43 of 3rd period - Snap shot by Nicolas Deslauriers.
12:43 of 3rd period - Shot Misses the Net.
12:45 of 3rd period - Snap shot by Nicolas Deslauriers.
12:45 of 3rd period - Stopped by Roberto Luongo with a rebound.
12:51 of 3rd period - Olli Jokinen is hit by Tomas Hertl and loses puck.
15:05 of 3rd period - Icing by Trevor Daley.
15:06 of 3rd period - Valtteri Filppula wins face-off versus Jayson Megna in Predators zone.
15:06 of 3rd period - Valtteri Filppula is hit by Ryan Hamilton.
15:12 of 3rd period - Jay Harrison is hit by Dan Boyle and loses puck.
15:33 of 3rd period - Backhand shot by Patrice Bergeron.
15:33 of 3rd period - Stopped by Calvin Pickard with a rebound.
15:35 of 3rd period - Slapshot by Roman Josi.
15:35 of 3rd period - Shot Blocked by Brendan Smith.
16:15 of 3rd period - Wrist shot by Andrew Cogliano.
16:15 of 3rd period - Shot Misses the Net.
16:17 of 3rd period - Backhand shot by Trevor Daley.
16:17 of 3rd period - Deflect By Andrew Cogliano.
16:17 of 3rd period - Shot Misses the Net.
16:17 of 3rd period - Puck is out of play.
16:18 of 3rd period - Marcus Kruger wins face-off versus Travis Zajac in Sharks zone.
16:37 of 3rd period - Backhand shot by Evander Kane.
16:37 of 3rd period - Deflect By Patrice Bergeron.
16:37 of 3rd period - Shot Misses the Net.
16:37 of 3rd period - Puck is out of play.
16:38 of 3rd period - Travis Zajac wins face-off versus Patrice Bergeron in Sharks zone.
16:38 of 3rd period - Travis Zajac is hit by Evander Kane.
17:05 of 3rd period - Slapshot by Matt Niskanen.
17:05 of 3rd period - Deflect By Tomas Plekanec.
17:05 of 3rd period - Goal by Tomas Plekanec - Sharks : 2 - Predators : 4.
17:06 of 3rd period - Valtteri Filppula wins face-off versus Chris Tierney in neutral zone.
17:09 of 3rd period - Wrist shot by Valtteri Filppula.
17:09 of 3rd period - Shot Blocked by Luca Sbisa.
17:11 of 3rd period - Snap shot by Zemgus Girgensons.
17:11 of 3rd period - Deflect By Valtteri Filppula.
17:11 of 3rd period - Stopped by Calvin Pickard with a rebound.
17:17 of 3rd period - Snap shot by Valtteri Filppula.
17:17 of 3rd period - Shot Misses the Net.
17:19 of 3rd period - Slapshot by Trevor Daley.
17:19 of 3rd period - Deflect By Zemgus Girgensons.
17:19 of 3rd period - Shot Blocked by Luca Sbisa.
17:19 of 3rd period - Puck is out of play.
17:20 of 3rd period - Zemgus Girgensons wins face-off versus Chris Tierney in Sharks zone.
17:23 of 3rd period - Slapshot by Andrew Cogliano.
17:23 of 3rd period - Goal by Andrew Cogliano - Sharks : 2 - Predators : 5.
17:24 of 3rd period - Tomas Plekanec wins face-off versus Travis Zajac in neutral zone.
17:38 of 3rd period - Snap shot by Brian Gionta.
17:38 of 3rd period - Shot Misses the Net.
17:40 of 3rd period - Wrist shot by Lance Bouma.
17:40 of 3rd period - Shot Misses the Net.
17:54 of 3rd period - Snap shot by Justin Schultz.
17:54 of 3rd period - Shot Blocked by Roman Josi.
17:56 of 3rd period - Snap shot by Brian Gionta.
17:56 of 3rd period - Stopped by Roberto Luongo without a rebound.
17:57 of 3rd period - Chris Tierney wins face-off versus Patrice Bergeron in Predators zone.
18:01 of 3rd period - Minor Penalty to Evander Kane for Hooking.
18:02 of 3rd period - Marcus Kruger wins face-off versus Olli Jokinen in Predators zone.
18:12 of 3rd period - Wrist shot by Tomas Fleischmann.
18:12 of 3rd period - Goal by Tomas Fleischmann - Sharks : 3 - Predators : 5.
18:13 of 3rd period - Valtteri Filppula wins face-off versus Lance Bouma in neutral zone.
18:32 of 3rd period - Snap shot by Andrew Cogliano.
18:32 of 3rd period - Shot Misses the Net.
19:27 of 3rd period - Slapshot by Patrice Bergeron.
19:27 of 3rd period - Stopped by Calvin Pickard with a rebound.
19:29 of 3rd period - Snap shot by Evander Kane.
19:29 of 3rd period - Stopped by Calvin Pickard with a rebound.
19:31 of 3rd period - Snap shot by Trevor Daley.
19:31 of 3rd period - Shot Blocked by Justin Schultz.
Goals for this period are 2 for Sharks vs 2 for Predators.
Shots for this period are 10 for Sharks vs 7 for Predators.